 Dungeon Crawl Stone Soup version 0.28-a0-732-g75e6d9beac (webtiles) character file.

Game seed: 1852835994275499194

197187 Essalna the Earth Mage (level 18, -12/120 HPs)
             Began as a Gargoyle Earth Elementalist on Oct 29, 2021.
             Was the Champion of Vehumet.
             Mangled by a shambling mangrove (24 damage)
             ... on level 4 of the Swamp.
             The game lasted 02:04:07 (43735 turns).

Essalna the Earth Mage (GrEE)                      Turns: 43735, Time: 02:04:08

Health: -12/120    AC: 29    Str: 14    XL:     18   Next: 40%
Magic:  3/46       EV: 14    Int: 35    God:    Vehumet [******]
Gold:   3596       SH:  4    Dex:  8    Spells: 25/48 levels left

rFire   + . .      SeeInvis .   q - +6 spear (venom)
rCold   + + +      Faith    .   T - +0 buckler
rNeg    + . .      Spirit   .   m - +1 ring mail of Sif Muna's Favour {rC++ MP+9 Dex-2 Stlth+}
rPois   ∞          Reflect  .   r - +2 helmet
rElec   +          Harm     .   i - scarf {rC+ rF+}
rCorr   .          Rampage  .   K - +2 pair of gloves of Cantug {Int+7}
Will    +....                   E - +1 pair of boots
Stlth   ++........              G - amulet of regeneration
HPRegen 1.30/turn               L - +6 ring of intelligence
MPRegen 0.30/turn               B - +4 ring of evasion

@: grasped by roots, flying, constricted
A: sickness immunity, AC +13, big wings, negative energy resistance 1,
electricity resistance, torment resistance 1, petrification resistance
}: 1/15 runes: serpentine
a: Renounce Religion


You were on level 4 of the Swamp.
You worshipped Vehumet.
Vehumet was exalted by your worship.
You visited 6 branches of the dungeon, and saw 26 of its levels.

You collected 4462 gold pieces.
You spent 866 gold pieces at shops.

Inventory:

Hand Weapons
 q - a +6 spear of venom (weapon)
Missiles
 c - 644 stones
Armour
 i - a scarf of resistance (worn)
 m - the +1 ring mail of Sif Muna's Favour (worn) {rC++ MP+9 Dex-2 Stlth+}
   (You took it off a salamander on level 4 of the Snake Pit)

   Dex:       It affects your dexterity (-2).
   rC:        It greatly protects you from cold.
   MP:        It affects your magic capacity (+9).
   Stlth:     It makes you more stealthy.
 r - a +2 helmet (worn)
 y - a +2 robe of willpower
 E - a +1 pair of boots (worn)
 H - a +2 robe of willpower
 K - the +2 pair of gloves of Cantug (worn) {Int+7}
   (You bought it in a shop on level 9 of the Dungeon)

   Int:       It affects your intelligence (+7).
 M - a +2 troll leather armour {Snorg}
 T - a +0 buckler (worn)
Magical Staves
 g - a staff of air
 I - a staff of earth
Jewellery
 p - a ring of willpower
 x - a ring of magical power
 B - a +4 ring of evasion (right hand)
 D - an amulet of the acrobat
 G - an amulet of regeneration (around neck)
 L - a +6 ring of intelligence (left hand)
 N - a ring of protection from cold
 O - an amulet of reflection
 S - a ring of protection from cold
Wands
 e - a wand of charming (7)
 n - a wand of iceblast (38)
 t - a wand of acid (46)
 w - a wand of mindburst (23)
 z - a wand of polymorph (13)
 A - a wand of digging (5)
 R - a wand of paralysis (7)
Scrolls
 a - 4 scrolls of enchant armour
 b - 5 scrolls of identify
 k - 7 scrolls of teleportation
 o - a scroll of enchant weapon
 u - a scroll of magic mapping
 Q - a scroll of fog
 U - a scroll of silence
 V - a scroll of blinking
Potions
 d - 2 potions of berserk rage
 f - 2 potions of haste
 h - 6 potions of brilliance
 j - 4 potions of mutation
 l - 3 potions of invisibility
 s - a potion of ambrosia
 v - 2 potions of cancellation
 C - 4 potions of lignification
 F - 2 potions of curing
 J - a potion of might


   Skills:
 + Level 15.9 Fighting
 - Level 5.0 Armour
 - Level 12.1 Dodging
 - Level 2.1 Stealth
 - Level 4.0 Shields
 + Level 15.5 Spellcasting
 + Level 11.4 Conjurations
 - Level 0.7 Transmutations
 + Level 19.8 Earth Magic


You had 25 spell levels left.
You knew the following spells:

 Your Spells              Type           Power      Damage    Failure   Level
a - Sandblast             Erth           100%       2d20      0%          1
b - Stone Arrow           Conj/Erth      100%       3d13      0%          3
c - Lee's Rapid Deconstr  Erth           52%        3d26*     0%          5
d - Lehudib's Crystal Sp  Conj/Erth      47%        10d11     8%          8
e - Iron Shot             Conj/Erth      47%        9d9       1%          6

Your spell library contained the following spells:

 Spells                   Type           Power      Damage    Failure   Level
 Conjure Ball Lightning   Conj/Air       30%        3x3d10    11%         6
 Passwall                 Tmut/Erth      65%        N/A       1%          2
 Dazzling Flash           Conj/Hex       100%       N/A       1%          3
 Iskenderun's Mystic Bla  Conj/Tloc      61%        2d13      1%          4
 Leda's Liquefaction      Hex/Erth       38%        N/A       1%          4
 Petrify                  Tmut/Erth      78%        N/A       1%          4
 Pain                     Necr           100%       1d9       2%          1
 Ensorcelled Hibernation  Hex/Ice        54%        N/A       4%          2
 Slow                     Hex            27%        N/A       4%          2
 Orb of Destruction       Conj           41%        9d14      5%          7
 Spider Form              Tmut/Pois      14%        N/A       7%          3
 Call Canine Familiar     Summ           27%        N/A       9%          3
 Confusing Touch          Hex            27%        N/A       9%          3
 Portal Projectile        Hex/Tloc       54%        N/A       9%          3
 Summon Guardian Golem    Hex/Summ       27%        N/A       9%          3
 Swiftness                Air            27%        N/A       9%          3
 Starburst                Conj/Fire      30%        6d9       11%         6
 Yara's Violent Unravell  Hex/Tmut       14%        3d7       17%         5
 Passage of Golubria      Tloc           27%        N/A       26%         4
 Spellforged Servitor     Conj/Summ      30%        N/A       45%         7
 Agony                    Necr           27%        N/A       58%         5
 Excruciating Wounds      Necr           13%        N/A       58%         5
 Silence                  Hex/Air        13%        N/A       58%         5
 Invisibility             Hex            13%        N/A       99%         6


Dungeon Overview and Level Annotations

Branches:
Dungeon (9/15)             Temple (1/1) D:7            Lair (6/6) D:9
  Swamp (4/4) Lair:4        Snake (4/4) Lair:4        Slime (0/5) Lair:6
    Orc (2/2) D:9             Elf (0/3) Orc:2

Altars:
Ashenzari
Cheibriados
Dithmenos
Elyvilon
Fedhas
Gozag
Hepliaklqana
Kikubaaqudgha
Makhleb
Nemelex Xobeh
Okawaru
Qazlal
Ru
Sif Muna
Trog
Uskayaw
Vehumet
Wu Jian
Xom
Yredelemnul
Zin
The Shining One
Beogh

Shops:
D:3 !   D:8 (   D:9 ([[(   Orc:1 *   Orc:2 *(=(   Snake:1 (


Innate Abilities, Weirdness & Mutations

You are immune to sickness and miasma.
Your stone body is resilient. (AC +13)
You are immune to poison.
Your large and strong wings let you fly.
You resist negative energy. (rN+)
You are resistant to electric shocks. (rElec)
You are resistant to unholy torment.
You are immune to petrification.


Message History

You hit the shambling mangrove.
The shambling mangrove is severely damaged.
The shambling mangrove hits you but does no damage.
The grasping roots constrict you!
You barely miss the shambling mangrove.
The shambling mangrove is severely damaged.
The shambling mangrove hits you. The grasping roots constrict you!
You completely miss the shambling mangrove.
The shambling mangrove is severely damaged.
The shambling mangrove closely misses you.
The grasping roots constrict you.
You hit the shambling mangrove.
The shambling mangrove is severely damaged.
The shambling mangrove hits you but does no damage.
The grasping roots constrict you!
You hit the shambling mangrove but do no damage.
The shambling mangrove is severely damaged.
The shambling mangrove closely misses you.
The grasping roots constrict you!!
* * * LOW HITPOINT WARNING * * *
Okay, then.
Aiming: Corrosive Bolt
Press: ? - help, Shift-Dir - straight line, f/p - shambling mangrove
Aim: a shambling mangrove (severely damaged, 98% to hit)
The bolt of acid hits the shambling mangrove.
The acid corrodes the shambling mangrove!
The shambling mangrove is severely damaged.
Aiming: Corrosive Bolt
Press: ? - help, Shift-Dir - straight line, f/p - shambling mangrove
Aim: a shambling mangrove (severely damaged, covered in acid, 98% to hit)
The bolt of acid hits the shambling mangrove!
The shambling mangrove seems to be corroded for longer.
The shambling mangrove is almost destroyed.
The shambling mangrove hits you!
* * * LOW HITPOINT WARNING * * *
The grasping roots constrict you.
Okay, then.
As you read the scroll of summoning, it crumbles to dust.
Wisps of shadow whirl around you... The shambling mangrove hits you!!
You die...

♣♣♣ ♣♣♣♣♣♣♣ ♣♣♣≈≈♣♣♣♣ ♣ ♣♣fD@.§♣
♣.≈≈≈≈..♣ ♣♣ ♣♣♣♣♣ ♣≈i≈f.D♣♣
♣.≈≈≈≈≈≈. .♣♣♣♣...♣
♣♣≈§≈≈≈≈.♣♣♣♣♣.≈≈≈≈...
..≈≈....♣♣♣♣≈....≈≈..§≈♣♣..≈≈.≈♣♣
.≈≈≈ ♣≈≈≈♣♣...≈≈≈≈≈≈..≈≈≈≈.§≈...♣
≈..♣♣♣.≈.§(..(§≈≈≈≈≈§.)≈≈...≈.§≈.
≈♣≈≈.♣†..≈≈§≈..≈≈..≈≈.[≈≈.≈§≈≈≈≈≈
..≈≈...♣.≈≈§≈≈....≈≈..♣♣♣.≈≈≈≈≈≈.
..≈≈..♣♣♣.≈≈≈≈≈§.♣≈≈≈.♣≈♣♣§≈≈≈≈≈≈


You could see a shambling mangrove (corroded, ally target), a friendly shambling
mangrove (summoned), a friendly four-headed hydra (summoned), a friendly swamp
dragon (summoned) and a friendly spriggan rider (summoned, wandering).

Vanquished Creatures
  Mara (Swamp:3)
  Jorgrun (Orc:1)
  15 nagarajas (Snake:4)
  A fenstrider witch (Swamp:1)
  Aizul (Snake:1)
  5 ghouls
  5 bunyips
  Snorg (Lair:5)
  5 eleionomae
  A fire dragon (Lair:5)
  2 shambling mangroves
  2 salamander tyrants (Snake:4)
  15 hydras
  A boulder beetle (Lair:4)
  6 ghost crabs
  14 naga warriors
  11 alligators
  4 anacondas
  10 death yaks
  5 shock serpents
  11 naga sharpshooters
  A salamander mystic (Snake:3)
  5 goliath frogs
  3 naga ritualists
  3 spriggan druids
  9 swamp dragons
  14 bog bodies
  2 orc knights (Orc:1)
  4 lindwurms
  A fenstrider witch simulacrum (Swamp:2)
  2 necromancers
  2 mana vipers
  8 spectral spriggans (Swamp:1)
  2 cyclopes (Orc:2)
  An oklob plant (Lair:6)
  7 will-o-the-wisps
  9 orc sorcerers (Orc:2)
  16 elephants
  7 salamanders
  6 guardian serpents
  32 black mambas
  25 cane toads
  12 naga magi
  Maggie (D:8)
  11 komodo dragons
  14 rime drakes
  2 freezing wraiths (Swamp:1)
  3 polar bears
  14 tyrant leeches
  9 hornets
  Grinder (D:6)
  3 bloated husks (Swamp:1)
  25 blink frogs
  A spriggan zombie (Swamp:2)
  3 shadows (D:9)
  A spriggan skeleton (Swamp:2)
  A vampire (D:9)
  38 yaks
  3 spriggans (Swamp:3)
  6 wyverns
  7 basilisks
  2 hogs (Lair:5)
  Grum (D:8)
  10 steam dragons
  14 vampire mosquitoes
  Menkaure (D:6)
  40 nagas
  17 swamp worms
  7 wargs
  Duvessa (D:6)
  10 water moccasins
  10 orc warriors
  10 swamp drakes
  2 necrophages
  A sky beast (D:6)
  16 wolves
  8 ogres
  2 centaurs
  4 phantoms
  Blork the orc (D:6)
  3 kobold brigands
  10 bullfrogs
  A gnoll sergeant (Orc:1)
  A water moccasin zombie (D:5)
  Dowan (D:6)
  3 scorpions
  4 troll zombies (D:9)
  2 water moccasin skeletons
  6 killer bees (D:9)
  8 wights
  2 electric eels
  2 howler monkeys (D:8)
  2 centaur zombies
  13 orc priests
  A bullfrog skeleton (D:5)
  2 gnoll shamans
  3 hounds
  2 iguanas
  30 orc wizards
  2 lightning spires (Swamp:1)
  4 polar bear simulacra (Lair:6)
  3 yak simulacra (Lair:6)
  A wolf simulacrum (Lair:6)
  A killer bee zombie (D:8)
  4 ogre zombies (D:9)
  A hound skeleton (D:4)
  Robin (D:2)
  14 gnolls
  A howler monkey skeleton (D:5)
  7 adders
  12 white imps (Lair:4)
  4 worms
  7 dart slugs
  67 orcs
  3 ball pythons
  2 endoplasms
  3 giant cockroaches
  7 hobgoblins
  6 jackals (D:1)
  13 kobolds
  4 quokkas
  2 bats
  A frilled lizard (D:1)
  18 goblins
  2 goblin skeletons (D:9)
  2 goblin zombies (D:9)
  A hobgoblin zombie (D:9)
  An orc skeleton (D:9)
  18 orc zombies (D:9)
  5 rats
  3 river rat simulacra (Lair:6)
  A ball lightning (Swamp:1)
905 creatures vanquished.

Vanquished Creatures (others)
  Kirke (Lair:5)
  A hydra (Swamp:2)
  A spriggan druid (Swamp:2)
  A bog body (Swamp:2)
  3 bloated husks
  3 spriggans (Swamp:2)
  2 humans (Lair:5)
  An orc warrior (Orc:2)
  An orc wizard (Orc:2)
  An orc (Orc:2)
  A ball lightning (Swamp:1)
  A bush (Lair:2)
  38 fungi
  127 plants
182 creatures vanquished.

Grand Total: 1087 creatures vanquished

Notes
Turn   | Place    | Note
-------+----------+-------------------------------------------
     0 | D:1      | Essalna the Gargoyle Earth Elementalist began the quest for
                  | the Orb.
     0 | D:1      | Reached XP level 1. HP: 10/10 MP: 3/3
   294 | D:1      | Reached XP level 2. HP: 15/15 MP: 0/5
   380 | D:1      | Reached skill level 4 in Earth Magic
   641 | D:1      | Found a faded altar of an unknown god.
   696 | D:1      | Reached XP level 3. HP: 19/19 MP: 4/6
  1301 | D:2      | Learned a level 3 spell: Stone Arrow
  1396 | D:2      | Found a glowing golden altar of the Shining One.
  1500 | D:2      | Reached XP level 4. HP: 19/24 MP: 8/8
  1503 | D:2      | Noticed Robin
  1936 | D:2      | Reached skill level 1 in Conjurations
  2412 | D:3      | Found Notzan's Distillery.
  2539 | D:3      | Reached skill level 5 in Earth Magic
  3087 | D:2      | Killed Robin
  3088 | D:2      | Reached XP level 5. HP: 20/28 MP: 5/10
  3547 | D:4      | Noticed a necrophage
  3571 | D:4      | Killed a necrophage
  3622 | D:4      | Reached XP level 6. HP: 32/32 MP: 11/11
  3718 | D:5      | Entered Level 5 of the Dungeon
  3747 | D:5      | Reached skill level 6 in Earth Magic
  3930 | D:5      | Reached XP level 7. HP: 23/36 MP: 13/13
  4560 | D:4      | Reached skill level 7 in Earth Magic
  4718 | D:5      | Reached skill level 5 in Spellcasting
  5069 | D:5      | Reached XP level 8. HP: 37/41 MP: 14/16
  5132 | D:5      | Reached skill level 8 in Earth Magic
  5710 | D:6      | Found a hide-covered altar of Uskayaw.
  5776 | D:6      | Noticed Duvessa
  5782 | D:6      | Noticed Dowan
  5786 | D:6      | Killed Duvessa
  5900 | D:6      | Killed Dowan
  5917 | D:6      | Noticed Blork the orc
  5920 | D:6      | Killed Blork the orc
  5991 | D:6      | Noticed a death knight
  6156 | D:6      | Noticed Grinder
  6162 | D:6      | Killed Grinder
  6163 | D:6      | Reached skill level 9 in Earth Magic
  6319 | D:6      | Reached XP level 9. HP: 39/45 MP: 19/19
  6539 | D:6      | Noticed Menkaure
  6540 | D:6      | Killed Menkaure
  6541 | D:6      | Reached skill level 10 in Earth Magic
  7204 | D:7      | Found a staircase to the Ecumenical Temple.
  7210 | Temple   | Entered the Ecumenical Temple
  7309 | Temple   | Became a worshipper of Vehumet
  8499 | D:8      | Noticed Grum
  8528 | D:8      | Killed Grum
  8531 | D:8      | Reached skill level 1 in Fighting
  8531 | D:8      | Reached skill level 1 in Armour
  8872 | D:8      | Found Ygrat's Weapon Shop.
  8914 | D:8      | Reached * piety under Vehumet
  8914 | D:8      | Offered knowledge of Freeze by Vehumet.
  9732 | D:8      | Noticed Maggie
  9738 | D:8      | Killed Maggie
  9739 | D:8      | Reached skill level 11 in Earth Magic
  9739 | D:8      | Reached XP level 10. HP: 54/54 MP: 6/22
 10188 | D:9      | Reached ** piety under Vehumet
 10195 | D:9      | Offered knowledge of Searing Ray by Vehumet.
 10315 | D:9      | Found Humujorch's Armour Boutique.
 10356 | D:9      | Found a staircase to the Orcish Mines.
 10636 | D:9      | Found Ihisku's Weapon Shoppe.
 10975 | D:9      | Offered knowledge of Poisonous Vapours by Vehumet.
 11223 | D:9      | Found a staircase to the Lair.
 11366 | D:9      | Found Peid's Antique Armour Shoppe.
 11395 | D:9      | Found Upruzoece's Antique Weapon Emporium.
 11453 | D:9      | Reached *** piety under Vehumet
 11945 | D:9      | Bought the +2 pair of gloves of Cantug {Int+7} for 506 gold
                  | pieces
 12022 | Lair:1   | Entered Level 1 of the Lair of Beasts
 12046 | Lair:1   | Noticed a cane toad
 12050 | Lair:1   | Killed a cane toad
 12216 | Lair:1   | Noticed a cane toad
 12220 | Lair:1   | Killed a cane toad
 12221 | Lair:1   | Reached skill level 5 in Fighting
 12221 | Lair:1   | Reached skill level 5 in Armour
 12276 | Lair:1   | Reached skill level 12 in Earth Magic
 12276 | Lair:1   | Reached XP level 11. HP: 63/63 MP: 19/24
 12333 | Lair:1   | Noticed an eight-headed hydra
 12339 | Lair:1   | Killed an eight-headed hydra
 12731 | Lair:1   | Noticed a lindwurm
 12735 | Lair:1   | Killed a lindwurm
 13015 | Lair:2   | Reached skill level 5 in Dodging
 13569 | Lair:2   | Offered knowledge of Flame Wave by Vehumet.
 13842 | Lair:2   | Reached skill level 13 in Earth Magic
 14111 | Lair:2   | Reached skill level 10 in Spellcasting
 14379 | Lair:3   | Reached XP level 12. HP: 72/72 MP: 18/26
 14668 | Lair:4   | Identified a scroll of acquirement
 14668 | Lair:4   | Acquired 669 gold pieces
 14717 | Lair:4   | Found a frozen archway.
 14991 | Lair:4   | Found a staircase to the Snake Pit.
 15065 | Lair:4   | Reached **** piety under Vehumet
 15142 | Lair:4   | Offered knowledge of Fireball by Vehumet.
 15248 | Lair:4   | Noticed a boulder beetle
 15390 | Lair:4   | Killed a boulder beetle
 15821 | Lair:4   | Noticed a six-headed hydra
 16061 | Lair:4   | Killed a six-headed hydra
 16139 | Lair:4   | Found a staircase to the Swamp.
 16178 | Lair:4   | Reached skill level 14 in Earth Magic
 16375 | Lair:3   | Noticed a death yak
 16376 | Lair:3   | Noticed a death yak
 16376 | Lair:3   | Noticed a death yak
 16380 | Lair:3   | Noticed a death yak
 16381 | Lair:3   | Killed a death yak
 16415 | Lair:4   | Killed a death yak
 17063 | Lair:3   | Killed a death yak
 17081 | Lair:3   | Killed a death yak
 17227 | Lair:3   | Reached XP level 13. HP: 80/80 MP: 20/28
 18295 | Lair:5   | Noticed Snorg
 19095 | Lair:5   | Noticed Kirke
 19099 | Lair:5   | Reached ***** piety under Vehumet
 19114 | Lair:5   | Killed Kirke
 19115 | Lair:5   | Reached skill level 10 in Fighting
 19271 | Lair:6   | Entered Level 6 of the Lair of Beasts
 19273 | Lair:6   | Offered knowledge of Olgreb's Toxic Radiance by Vehumet.
 19274 | Lair:6   | Reached skill level 15 in Earth Magic
 19382 | Lair:5   | Killed Snorg
 20236 | Lair:5   | Noticed a fire dragon
 20243 | Lair:5   | Killed a fire dragon
 21431 | Lair:6   | Gained mutation: Your large and strong wings let you fly.
                  | [Gargoyle growth]
 21431 | Lair:6   | Reached XP level 14. HP: 48/90 MP: 26/30
 21649 | Lair:6   | Identified the +4 mace of Qidghe Unuoj {pain, rF++ Will-
                  | Dex+6}
 22449 | Lair:6   | Reached skill level 16 in Earth Magic
 23648 | Lair:6   | Found a staircase to the Slime Pits.
 23780 | Lair:6   | Offered knowledge of Lee's Rapid Deconstruction by Vehumet.
 23787 | Lair:6   | Learned a level 5 spell: Lee's Rapid Deconstruction
 24926 | Lair:6   | Learned a level 8 spell: Lehudib's Crystal Spear
 25405 | Snake:1  | Entered Level 1 of the Snake Pit
 25595 | Snake:1  | Reached XP level 15. HP: 97/97 MP: 17/32
 25668 | Snake:1  | Noticed Aizul
 25688 | Snake:1  | Killed Aizul
 26051 | Snake:1  | Reached skill level 10 in Dodging
 26139 | Snake:1  | Found Uhupt's Firing Range.
 26237 | Snake:1  | Reached skill level 5 in Conjurations
 26237 | Snake:1  | Reached skill level 17 in Earth Magic
 27335 | Snake:1  | Offered knowledge of Lightning Bolt by Vehumet.
 29515 | Snake:4  | Entered Level 4 of the Snake Pit
 29746 | Snake:4  | Identified the +1 ring mail of Sif Muna's Favour {rC++ MP+9
                  | Dex-2 Stlth+}
 30131 | Snake:4  | Noticed a nagaraja
 30296 | Snake:4  | Noticed a nagaraja
 30305 | Snake:4  | Killed a nagaraja
 30534 | Snake:4  | Acquired 885 gold pieces
 30837 | Snake:4  | Reached XP level 16. HP: 104/104 MP: 19/33
 31033 | Snake:4  | Noticed a nagaraja
 31039 | Snake:4  | Killed a nagaraja
 31105 | Snake:4  | Noticed a nagaraja
 31125 | Snake:4  | Killed a nagaraja
 31889 | Snake:4  | Reached skill level 18 in Earth Magic
 32024 | Snake:4  | Noticed a nagaraja
 32034 | Snake:4  | Killed a nagaraja
 32207 | Snake:4  | Noticed a nagaraja
 32215 | Snake:4  | Killed a nagaraja
 32325 | Snake:4  | Noticed a nagaraja
 32332 | Snake:4  | Killed a nagaraja
 32409 | Snake:4  | Noticed a nagaraja
 32420 | Snake:4  | Killed a nagaraja
 32730 | Snake:4  | Noticed a nagaraja
 32859 | Snake:4  | Noticed a nagaraja
 32945 | Snake:4  | Killed a nagaraja
 33029 | Snake:4  | Noticed a nagaraja
 33040 | Snake:4  | Killed a nagaraja
 33144 | Snake:4  | Noticed a nagaraja
 33191 | Snake:4  | Killed a nagaraja
 33308 | Snake:4  | Noticed a nagaraja
 33311 | Snake:4  | Killed a nagaraja
 33435 | Snake:4  | Noticed a nagaraja
 33440 | Snake:4  | Killed a nagaraja
 33631 | Snake:4  | Noticed a nagaraja
 33653 | Snake:4  | Killed a nagaraja
 33657 | Snake:4  | Killed a nagaraja
 33850 | Snake:4  | Killed a nagaraja
 34151 | Snake:4  | Got a serpentine rune of Zot
 34617 | Orc:1    | Entered Level 1 of the Orcish Mines
 34776 | Orc:2    | Entered Level 2 of the Orcish Mines
 34776 | Orc:2    | Found a staircase to the Elven Halls.
 35644 | Orc:2    | Offered knowledge of Iron Shot by Vehumet.
 36077 | Orc:2    | Found Icowua's Weapon Shop.
 36077 | Orc:2    | Found Pame's Jewellery Emporium.
 36092 | Orc:2    | Bought an amulet of regeneration for 360 gold pieces
 36233 | Orc:2    | Found Ushre's Antique Weapon Shop.
 36233 | Orc:2    | Found Nyziwom's General Store.
 36432 | Orc:1    | Reached XP level 17. HP: 108/112 MP: 23/35
 36652 | Orc:1    | Noticed Jorgrun
 36663 | Orc:1    | Killed Jorgrun
 36812 | Orc:1    | Found Ykhlaekee's CLEARANCE SALE!.
 37199 | Swamp:1  | Entered Level 1 of the Swamp
 38190 | Swamp:1  | Reached ****** piety under Vehumet
 38977 | Swamp:1  | Reached skill level 15 in Fighting
 39142 | Swamp:1  | Reached skill level 19 in Earth Magic
 39277 | Swamp:1  | Reached skill level 10 in Conjurations
 39515 | Swamp:1  | Identified the +1 chain mail of Gips {Will++ Str-5}
 40692 | Swamp:2  | Reached skill level 15 in Spellcasting
 41143 | Swamp:2  | Learned a level 6 spell: Iron Shot
 41164 | Swamp:3  | Offered knowledge of Freezing Cloud by Vehumet.
 41764 | Swamp:3  | Reached skill level 1 in Shields
 41988 | Swamp:3  | Noticed Mara
 41994 | Swamp:3  | Killed Mara
 41995 | Swamp:3  | Reached XP level 18. HP: 119/119 MP: 20/37
 42358 | Swamp:4  | Entered Level 4 of the Swamp
 43713 | Swamp:4  | Offered knowledge of Conjure Ball Lightning by Vehumet.
 43735 | Swamp:4  | Mangled by a shambling mangrove

Illustrated notes

Levels and vault maps discovered:
D:1:      dpeg_arrival_another_circle, layout_loops_ring,
          hellmonk_ecumenical_altar_pennies_from_heaven
D:2:      layout_rooms, basic_altar, uniq_robin
D:3:      layout_loops_cross, serial_shops, shop
D:4:      layout_basic
D:5:      layout_cave_pools, hangedman_abyss_or_decor_stabs, minivault_25
D:6:      layout_loops_corners, mainiacjoe_overflow_alcove_1, uniq_grinder,
          uniq_menkaure, uniq_duvessa, uniq_blork_the_orc
D:7:      layout_gridville, minmay_temple_entry_enclosed_plants,
          kennysheep_donut, serial_park_tiny_pond
D:8:      layout_basic, serial_shops, shop, kennysheep_small_spiral,
          uniq_maggie, uniq_grum
D:9:      layout_loops_cross, david_lair_shrubbed, zombieorc2_lemuel,
          serial_shops, shop, shop, shop, kennysheep_mini, water_boxes_lemuel
Temple:   kilobyte_greek_temple
Lair:1:   layout_regular_city
Lair:2:   layout_chaotic_city, beast_lair_carwin_10, grunt_megastairs_1
Lair:3:   layout_cave_pods, grunt_megastairs_3, lemuel_fruit_fields,
          serial_bayou_shore_b
Lair:4:   layout_hall_layers, minmay_swamp_entry_swarm,
          guppyfry_snake_entry_garden, nicolae_volcano_entry_s_turn,
          portal_ice_cave_entry_imps, lemuel_fruit_tree, grunt_megastairs_2
Lair:5:   layout_hall_layers, bobbens_dragon_lair_wall, uniq_kirke, uniq_snorg
Lair:6:   minmay_lair_end_frog_pond, layout_regular_city,
          minmay_slime_entry_oklob_enclosed, minivault_26,
          grunt_forest_small_clearings, eino_house_with_fridge,
          serial_bayou_shore_b, grunt_megastairs_4, serial_bayou_shore_a
Swamp:1:  nicolae_swamp_flooded_prison, layout_basic_swamp,
          nicolae_swamp_bean_lake, swamp_pool5, hangedman_swamp_phenomena
Swamp:2:  layout_basic_swamp, evilmike_swamp_ruin_house_1, swamp_pool4,
          grunt_hermit_hut
Swamp:3:  layout_falls_marsh, hangedman_swamp_blocks, swamp_pool2, uniq_mara
Swamp:4:  swamp_alternative, layout_basic_swamp
Snake:1:  layout_misc_corridors, nicolae_shop_firing_range, uniq_aizul
Snake:2:  layout_misc_corridors, st_stairs_14, serial_bayou_shore_b
Snake:3:  layout_misc_corridors
Snake:4:  grunt_snake_rune_spirals, layout_onion, st_stairs_8
Orc:1:    layout_diamond_mine, nicolae_shop_clearance, uniq_jorgrun
Orc:2:    st_orc_town, layout_caves

Skill      XL: |  1  2  3  4  5  6  7  8  9 10 11 12 13 14 15 16 17 18 |
---------------+-------------------------------------------------------+-----
Earth Magic    | 4 5 6 7 9 11 12 13 14 15 16 17 18 19 | 19.8
Spellcasting   | 3 4 5 7 8 9 10 11 12 13 14 15 | 15.5
Conjurations   | 1 2 3 4 7 9 10 11 | 11.4
Fighting       | 2 5 7 9 11 12 13 14 15 | 15.9
Armour         | 2 5 |  5.0
Dodging        | 2 4 5 7 8 9 10 11 12 | 12.1
Shields        | 2 4 |  4.0
Stealth        | |  2.1
Transmutations | |  0.7

Action                   |  1- 3 |  4- 6 |  7- 9 | 10-12 | 13-15 | 16-18 || total
-------------------------+-------+-------+-------+-------+-------+-------++-------
Melee: Hand axe          |    47 |    24 |       |       |       |       ||    71
       Rapier            |       |    69 |       |       |       |       ||    69
       Spear             |       |    46 |   157 |   166 |   133 |   113 ||   615
       Staff             |       |       |       |       |       |    57 ||    57
 Cast: Sandblast         |    37 |    18 |       |       |       |    30 ||    85
       Stone Arrow       |       |       |    86 |   310 |   511 |   538 ||  1445
       Lee's Rapid Decon |       |       |       |       |   171 |   115 ||   286
       Iron Shot         |       |       |       |       |       |   110 ||   110
Evoke: Wand              |       |       |       |       |       |     2 ||     2
  Use: Scroll            |       |       |     7 |     9 |    20 |     3 ||    39
       Potion            |       |       |     1 |     1 |     6 |     7 ||    15
 Stab: Sleeping          |     1 |     2 |       |     1 |       |       ||     4
       Distracted        |       |     1 |     1 |       |       |       ||     2
Armor: Robe              |    21 |    47 |    78 |   111 |   200 |       ||   457
       Troll leather arm |       |       |       |       |    67 |     5 ||    72
       Ring mail         |       |       |       |       |       |   357 ||   357
Dodge: Dodged            |    46 |    77 |    96 |   132 |   502 |   434 ||  1287
Block: Buckler           |       |       |       |       |       |    12 ||    12

Table legend: (Time is in decaauts)
 A = Elapsed time spent in this place.
 B = Non-inter-level travel time spent in this place.
 C = Inter-level travel time spent in this place.
 D = Time resting spent in this place.
 E = Time spent auto-exploring this place.
 F = Levels seen in this place.
 G = Mean time per level.
                   A        B        C        D        E       F      G
               +--------+--------+--------+--------+--------+-----+--------+
         Total |  43970 |  41485 |   2485 |   4633 |  29607 |  26 | 1691.2 |
       Dungeon |  12297 |  11537 |    760 |      0 |   9383 |   9 | 1366.3 |
        Temple |    137 |    100 |     37 |      0 |     84 |   1 |  137.0 |
          Lair |  14008 |  13248 |    760 |   1788 |   9565 |   6 | 2334.7 |
         Swamp |   6560 |   6344 |    216 |    673 |   4358 |   4 | 1640.0 |
     Snake Pit |   8513 |   7968 |    545 |   1698 |   4930 |   4 | 2128.2 |
  Orcish Mines |   2452 |   2286 |    166 |    474 |   1286 |   2 | 1226.0 |
               +--------+--------+--------+--------+--------+-----+--------+

Top non-repeatable levels by time:
  Lair:5: 4157 daAuts
 Snake:4: 3417 daAuts
  Lair:4: 2783 daAuts
 Swamp:1: 2769 daAuts
  Lair:6: 2708 daAuts
     D:9: 2391 daAuts
 Snake:3: 2172 daAuts
  Lair:3: 1738 daAuts
 Snake:1: 1692 daAuts
     D:8: 1587 daAuts
  Lair:2: 1581 daAuts
 Swamp:3: 1524 daAuts
     D:7: 1445 daAuts
 Swamp:2: 1403 daAuts
   Orc:2: 1313 daAuts
